AoeStats
← Jan Itor

Arena

509205993Analyzed
4v4 RM · 7d ago on Sep 25, 2026· 71m 6s· 8 players
Game mode
Random Map
Map size
Large (8 player)
Population
200
Speed
Normal
Resources
Standard
Victory
Conquest
Starting age
Dark Age
Ending age
Imperial Age
RankedLock teamsTeams togetherTeam positionsShared explorationLock speedFull tech treeHidden civsTurbo modeCheats
Victory
Defeat
🇸🇰 Aztecs · Slovakia
1960
+8
🇩🇪 Spanish · Germany
1934
+9
🇦🇺 Slavs · Australia
1892
+11
🇷🇺 Vikings · Russia
1786
+16
🇩🇪 Gurjaras · Germany
1826
-13
🇲🇽 Danes · Mexico
1822
-13
🇺🇸 Portuguese · United States
1729
-9
🇦🇷 Vietnamese · Argentina
1718
-9
0653599
10:03 Feudal Age
14:23 Castle Age
12:28 Horse Collar
13:08 Double-Bit Axe
15:13 Bow Saw
15:44 Bloodlines
15:08 Light Cavalry
18:29 Heavy Plow
19:25 Wheelbarrow
19:31 Scale Barding Armor
22:08 Chain Barding Armor
25:44 Hand Cart
25:30 Gold Mining
25:51 Loom
26:31 Stone Mining
28:00 Bloodlines
29:50 Gold Shaft Mining
31:49 Imperial Age
29:41 Husbandry
31:26 Detinets
31:29 Fletching
32:00 Ballistics
31:51 Elite Boyar
33:10 Plate Barding Armor
32:46 Forging
33:31 Conscription
33:26 Masonry
33:58 Bodkin Arrow
35:29 Iron Casting
35:56 Chemistry
37:49 Blast Furnace
50:20 Hoardings
54:33 Hussar
56:53 Crop Rotation
56:27 Caravan
59:45 Scale Mail Armor
61:17 Squires
60:37 Pikeman
62:58 Chain Mail Armor
62:47 Halberdier
68:33 Siege Engineers
68:49 Heavy Scorpion
RoR | Smokealot
10:29 Feudal Age
14:25 Castle Age
12:17 Horse Collar
12:42 Double-Bit Axe
14:12 Padded Archer Armor
15:29 Loom
23:59 Wheelbarrow
24:02 Husbandry
26:09 Leather Archer Armor
26:32 Bloodlines
27:56 Gold Mining
28:01 Stone Mining
33:33 Stone Shaft Mining
33:19 Hand Cart
34:42 Scale Barding Armor
34:48 Forging
34:43 Scale Barding Armor
34:48 Forging
38:35 Imperial Age
36:17 Heavy Plow
36:46 Chain Barding Armor
37:01 Iron Casting
36:46 Chain Barding Armor
37:01 Iron Casting
38:01 Fortified Wall
42:23 Imperial Age
49:28 Caravan
50:01 Scale Mail Armor
51:19 Squires
51:41 Pikeman
52:39 Chain Mail Armor
53:55 Bow Saw
53:45 Arson
60:34 Imperial Age
62:07 Plate Barding Armor
61:12 Cavalier
62:58 Blast Furnace
63:18 Guilds
63:24 Light Cavalry
63:36 Paladin
65:38 Plate Mail Armor
64:47 Halberdier
67:55 Two-Man Saw
69:40 Fletching
70:20 Ring Archer Armor
69:40 Fletching
70:20 Ring Archer Armor
The Illusionist
10:34 Feudal Age
14:34 Castle Age
13:07 Double-Bit Axe
15:13 Loom
15:41 Bow Saw
17:55 Sanctity
20:36 Redemption
21:18 Fervor
31:09 Imperial Age
30:19 Horse Collar
33:34 Wheelbarrow
32:50 Fletching
34:01 Block Printing
34:12 Illumination
33:42 Gold Mining
33:43 Stone Mining
33:57 Scale Mail Armor
35:56 Chain Mail Armor
36:33 Theocracy
36:25 Hand Cart
35:56 Town Watch
36:23 Forging
36:43 Devotion
36:42 Herbal Medicine
39:09 Conscription
39:40 Plate Mail Armor
39:12 Squires
39:42 Eagle Warrior
41:04 Iron Casting
44:16 Blast Furnace
43:47 Elite Jaguar Warrior
44:38 Arson
44:50 Bodkin Arrow
45:27 Elite Eagle Warrior
49:14 Garland Wars
50:42 Capped Ram
51:27 Caravan
52:04 Coinage
51:42 Siege Ram
53:35 Bracer
55:02 Onager
56:19 Siege Onager
56:25 Siege Onager
58:09 Ballistics
58:33 Siege Engineers
59:28 Chemistry
62:47 Banking
64:36 Pikeman
69:00 Heavy Plow
70:05 Gold Shaft Mining
Fresh To Death
10:38 Feudal Age
11:46 Double-Bit Axe
14:30 Castle Age
12:12 Horse Collar
15:25 Bow Saw
19:47 Heavy Plow
20:53 Gold Mining
23:15 Stone Mining
24:41 Gold Shaft Mining
24:07 Scale Mail Armor
27:02 Imperial Age
26:10 Chain Mail Armor
27:04 Forging
26:56 Chieftains
27:03 Capped Ram
27:44 Loom
27:46 Town Watch
28:32 Plate Mail Armor
28:51 Conscription
28:02 Siege Ram
29:22 Conscription
30:17 Iron Casting
29:34 Fletching
31:05 Chemistry
30:09 Elite Skirmisher
30:45 Bodkin Arrow
30:51 Padded Archer Armor
31:13 Ballistics
31:27 Bracer
32:18 Leather Archer Armor
32:35 Elite Berserk
35:18 Ring Archer Armor
35:32 Iron Casting
36:43 Onager
38:06 Caravan
39:48 Blast Furnace
40:57 Siege Engineers
42:59 Squires
42:19 Elite Varangian Guard
43:16 Arson
71:35 Masonry
Ux'LobodeLaNieve
11:09 Feudal Age
12:30 Double-Bit Axe
12:50 Horse Collar
15:20 Castle Age
14:31 Fletching
16:41 Bow Saw
18:03 Bodkin Arrow
21:38 Ballistics
23:29 Padded Archer Armor
24:48 Wheelbarrow
24:44 Husbandry
26:13 Hand Cart
26:22 Bloodlines
27:59 Loom
27:59 Town Watch
31:57 Imperial Age
29:48 Elite Skirmisher
32:44 Bracer
33:45 Chemistry
33:06 Conscription
32:10 Cranequins
32:16 Elite Skirmisher
32:49 Elite Skirmisher
34:23 Leather Archer Armor
33:57 Imperial Skirmisher
34:51 Heavy Mounted Crossbowman
35:49 Light Cavalry
36:35 Scale Barding Armor
37:00 Thumb Ring
38:14 Ring Archer Armor
37:56 Forging
38:37 Chain Barding Armor
41:52 Plate Barding Armor
45:46 Hamask
48:02 Murder Holes
48:18 Masonry
58:06 Iron Casting
niap_cinorhc
7:10 Loom
10:56 Feudal Age
15:14 Castle Age
13:51 Horse Collar
14:35 Double-Bit Axe
18:30 Fletching
27:55 Bodkin Arrow
31:55 Bow Saw
32:52 Wheelbarrow
37:20 Imperial Age
36:34 Pikeman
37:17 Squires
37:19 Scale Mail Armor
39:05 Forging
39:26 Halberdier
40:34 Hand Cart
40:51 Chain Mail Armor
42:37 Plate Mail Armor
43:09 Two-Man Saw
42:10 Heavy Plow
45:05 Iron Casting
44:33 Padded Archer Armor
45:09 Bracer
44:59 Town Watch
45:19 Elite Skirmisher
46:39 Crop Rotation
46:01 Gold Mining
46:02 Stone Mining
48:20 Leather Archer Armor
48:30 Ballistics
50:32 Chemistry
51:08 Thumb Ring
51:27 Capped Ram
57:19 Hoardings
Jan Itor
11:07 Feudal Age
11:52 Horse Collar
14:53 Castle Age
12:45 Double-Bit Axe
15:53 Bow Saw
15:49 Heavy Plow
16:50 Light Cavalry
21:07 Wheelbarrow
27:28 Imperial Age
25:20 Husbandry
25:20 Loom
25:27 Stone Mining
26:03 Bloodlines
26:10 Gold Mining
27:07 Hand Cart
27:25 Ballistics
27:01 Fletching
27:12 Padded Archer Armor
27:42 Bodkin Arrow
29:20 Chemistry
28:44 Bracer
30:20 Thumb Ring
31:17 Leather Archer Armor
31:27 Onager
31:30 Elite Elephant Archer
32:37 Conscription
34:22 Masonry
34:28 Onager
35:49 Light Cavalry
36:55 Scale Barding Armor
37:00 Forging
36:56 Hussar
37:57 Chain Barding Armor
38:12 Iron Casting
39:01 Coinage
39:30 Plate Barding Armor
39:58 Caravan
40:26 Kshatriyas
40:38 Treadmill Crane
45:41 Devotion
46:40 Banking
47:26 Hoardings
54:48 Architecture
56:48 Frontier Guards
57:55 Heavy Camel Rider
68:38 Elite Chakram Thrower
69:23 Scale Mail Armor
69:11 Arson
Scotty
10:22 Feudal Age
10:29 Feudal Age
14:22 Castle Age
12:30 Double-Bit Axe
12:54 Horse Collar
16:17 Bow Saw
16:27 Heavy Plow
20:35 Loom
21:27 Wheelbarrow
22:09 Forging
21:51 Light Cavalry
22:56 Husbandry
23:23 Bloodlines
26:52 Hand Cart
28:23 Iron Casting
28:35 Town Watch
31:28 Imperial Age
29:22 Gold Mining
29:22 Stone Mining
30:27 Scale Barding Armor
31:14 Stone Shaft Mining
32:31 Conscription
31:34 Elite Organ Gun
32:53 Chain Barding Armor
32:52 Circumnavigation
34:07 Two-Man Saw
35:26 Plate Barding Armor
36:31 Chemistry
35:51 Ballistics
36:39 Arquebus
37:16 Fletching
37:23 Pikeman
38:08 Scale Mail Armor
39:08 Blast Furnace
38:40 Bodkin Arrow
39:02 Chain Mail Armor
38:18 Halberdier
50:07 Treadmill Crane
52:36 Caravan
58:59 Siege Engineers
60:24 Masonry
65:18 Bombard Tower
Connection lost

Rejoining the realm…

Still unreachable

The connection could not be restored.

Session expired

The server has moved on; the page needs a fresh start.